 Dungeon Crawl Stone Soup version 0.31-a0-177-g4aa6249778 (webtiles) character file.

Game seed: 17010533683148483311

135 qw the Chopper (level 5, -7/32 HPs)
             Began as a Gargoyle Fighter on June 18, 2023.
             Killed by divine providence
             ... invoked by an orc priest
              (16 damage)
             ... on level 3 of the Dungeon.
             The game lasted 00:01:15 (1853 turns).

qw the Chopper (Gargoyle Fighter)                   Turns: 1853, Time: 00:01:16

Health: -7/32      AC: 12    Str: 22    XL:     5   Next: 18%
Magic:  5/5        EV:  9    Int:  8    God:
Gold:   66         SH:  4    Dex:  9    Spells: 4/4 levels left

rFire   . . .        Y - +0 war axe
rCold   . . .        c - +0 buckler
rNeg    + . .        b - +0 scale mail
rPois   inf          a - +0 helmet
rElec   +            (no cloak)
rCorr   .            (no gloves)
SInv    .            (no boots)
Will    +....        (no amulet) Stlth
                     l - ring of willpower
HPRegen 0.25/turn    (no ring)
MPRegen 0.09/turn

%: no passive effects
@: no status effects
A: sickness immunity, AC +4, negative energy resistance 1, electricity
resistance, torment resistance 1, petrification resistance
a: no special abilities


You were on level 3 of the Dungeon.
You visited 1 branch of the dungeon, and saw 3 of its levels.

You collected 66 gold pieces.


Innate Abilities, Weirdness & Mutations

You are immune to sickness and miasma.
Your stone body is resilient. (AC +4)
You are immune to poison.
You resist negative energy. (rN+)
You are resistant to electric shocks. (rElec)
You are resistant to unholy torment.
You are immune to petrification.


   Skills:
 - Level 3.2 Fighting
 + Level 4.7 Axes
 - Level 3.2 Armour
 - Level 3.2 Shields


You had 4 spell levels left.
You didn't know any spells.
Your spell library was empty.

Inventory:

Hand Weapons
 o - a +0 flail
 Y - a +0 war axe (weapon)
Armour
 a - a +0 helmet (worn)
 b - a +0 scale mail (worn)
 c - a +0 buckler (worn)
Jewellery
 l - a ring of willpower (left hand)
Wands
 j - a wand of digging (3)
Scrolls
 g - a scroll of identify {unknown}
 h - a scroll of silence {unknown}
 n - a scroll of immolation {unknown}
Potions
 d - a potion of might
 e - a potion of lignification {unknown}
 f - a potion of brilliance {unknown}
 i - a potion of enlightenment {unknown}
 k - a potion of degeneration {unknown}

Dungeon Overview and Level Annotations

Branches:
Dungeon (3/15)

Altars:


Message History

Natasha claws you.
Natasha stares at you and mumbles some strange words.
The magic dart hits you.
You barely miss Natasha.
Natasha is heavily wounded.
An orc comes into view. It is wielding a +0 flail.
Natasha barely misses you.
You barely miss Natasha.
Natasha is heavily wounded.
Natasha claws you but does no damage.
You hit Natasha.
Natasha is almost dead.
You block Natasha's attack.
You slash Natasha!
You kill Natasha!
Natasha screams in fury as she dies!
You have reached level 5!
You closely miss the kobold. You block the kobold's attack.
You hit the kobold.
You kill the kobold!
An orc priest comes into view. It is wielding a +0 hand axe.
The orc closely misses you.
An orc wizard comes into view. It is wielding a +0 dagger.
The orc priest shouts!
The orc wizard shouts!
You slash the orc!
You kill the orc!
You hear a shout!
An orc priest comes into view. It is wielding a +0 trident.
1850 ||| Stepping ~*~*~tactically~*~*~ (hiding).
You see here 4 stones.
You start resting.
An orc wizard is nearby!
The orc wizard barely misses you.
The orc priest calls down the wrath of Beogh upon you.
Beogh smites you!
The orc priest mumbles some strange prayers to Beogh against you.
Beogh smites you!
Ouch! That really hurt!
You die...

#######
......############
..................
##########.#############
#.#...(@..[...#
#.#)####o####.#
#.#....#.#
#.####.####.#o#
#...........#o#
#############.# .. ..


You could see 2 orc priests and an orc wizard.

Vanquished Creatures
  Natasha (D:3)
  Robin (D:2)
  4 adders
  A dart slug (D:2)
  An orc (D:3)
  6 ball pythons
  5 bats
  3 endoplasms
  5 hobgoblins
  12 frilled lizards
  16 goblins
  4 kobolds
  4 rats (D:1)
63 creatures vanquished.

Notes
Turn   | Place    | Note
-------+----------+-------------------------------------------
     0 | D:1      | qw the Gargoyle Fighter began the quest for the Orb.
     0 | D:1      | Reached XP level 1. HP: 14/14 MP: 1/1
     0 | D:1      | 0 ||| qw: Version: 0.3-a-7-g5d187d3
     0 | D:1      | 0 ||| qw: Game counter: 705
     0 | D:1      | 0 ||| qw: Always use a shield: true
     0 | D:1      | 0 ||| qw: God list: Okawaru
     0 | D:1      | 0 ||| qw: Allow faded altars: false
     0 | D:1      | 0 ||| qw: Do Orc after D:15 true
     0 | D:1      | 0 ||| qw: Do second Lair branch before Depths: true
     0 | D:1      | 0 ||| qw: Lair rune preference: random
     0 | D:1      | 0 ||| qw: Plans: Normal, Zot:1-4, Slime:5, God:TSO, Crypt,
                  | Tomb, Abyss, Pan, Hells, Win
     0 | D:1      | 0 ||| PLANNING D:1-11
   133 | D:1      | Reached skill level 2 in Axes
   319 | D:1      | Reached XP level 2. HP: 19/19 MP: 2/2
   635 | D:1      | 635 ||| Stepping ~*~*~tactically~*~*~ (hiding).
   936 | D:1      | 936 ||| READING 2 scrolls labelled QORCHE GUUF.
   937 | D:1      | 937 ||| DROPPING scroll of revelation.
   989 | D:2      | Reached skill level 3 in Axes
   989 | D:2      | 989 ||| STAIRDANCE
   993 | D:1      | Reached XP level 3. HP: 14/23 MP: 3/3
  1037 | D:2      | 1037 ||| STAIRDANCE
  1063 | D:2      | 1063 ||| STAIRDANCE
  1127 | D:2      | 1127 ||| FLEEEEING.
  1128 | D:2      | 1128 ||| FLEEEEING.
  1129 | D:2      | 1129 ||| STAIRDANCE
  1249 | D:2      | 1249 ||| Stepping ~*~*~tactically~*~*~ (stealth).
  1258 | D:2      | 1258 ||| Stepping ~*~*~tactically~*~*~ (stealth).
  1260 | D:2      | Noticed Robin
  1266 | D:2      | Reached XP level 4. HP: 24/28 MP: 4/4
  1282 | D:2      | Killed Robin
  1283 | D:2      | Reached skill level 4 in Axes
  1285 | D:2      | 1285 ||| FLEEEEING.
  1286 | D:2      | 1286 ||| FLEEEEING.
  1287 | D:2      | 1287 ||| FLEEEEING.
  1290 | D:2      | 1290 ||| FLEEEEING.
  1294 | D:2      | 1294 ||| FLEEEEING.
  1295 | D:2      | 1295 ||| FLEEEEING.
  1302 | D:2      | 1302 ||| STAIRDANCE
  1348 | D:1      | 1348 ||| UPGRADING to +0 helmet.
  1353 | D:1      | 1353 ||| READING 3 scrolls labelled SUADYM YZECK.
  1354 | D:1      | 1354 ||| DROPPING 2 scrolls of noise.
  1504 | D:2      | Identified the +4 hand axe "Dragonslayer" {pain, rC+ Str-5
                  | Dex+3 SInv}
  1539 | D:2      | 1539 ||| Stepping ~*~*~tactically~*~*~ (stealth).
  1649 | D:2      | 1649 ||| Stepping ~*~*~tactically~*~*~ (stealth).
  1687 | D:2      | 1687 ||| DROPPING +0 whip.
  1693 | D:2      | 1693 ||| UPGRADING to ring of willpower.
  1694 | D:2      | 1694 ||| READING scroll labelled MEAKUBRIONU.
  1830 | D:3      | 1830 ||| DROPPING +0 mace.
  1834 | D:3      | Noticed Natasha
  1835 | D:3      | 1835 ||| Stepping ~*~*~tactically~*~*~ (hiding).
  1846 | D:3      | Killed Natasha
  1847 | D:3      | Reached XP level 5. HP: 19/32 MP: 5/5
  1850 | D:3      | 1850 ||| Stepping ~*~*~tactically~*~*~ (hiding).
  1853 | D:3      | Killed from afar by an orc priest

Levels and vault maps discovered:
D:1:      minmay_arrival_cross, layout_loops_corners
D:2:      layout_basic, eino_tiny_chamber, minmay_lizard_pond, uniq_robin
D:3:      layout_loops_ring, roderic_lattice_a, mrwooster_statue_mirror,
          uniq_terence, uniq_natasha

Skill      XL: |  1  2  3  4 |
---------------+-------------+-----
Axes           | 2 3 4 |  4.7
Fighting       | |  3.2
Armour         | |  3.2
Shields        | |  3.2

Action                     |  1- 3 |  4- 6 || total
---------------------------+-------+-------++-------
  Melee: War axe           |   148 |    75 ||   223
    Use: Scroll            |     1 |     2 ||     3
 Armour: Scale mail        |    80 |    55 ||   135
  Dodge: Dodged            |    68 |    47 ||   115
  Block: Buckler           |    28 |    16 ||    44

Table legend:
 A = Non-vault XP
 B = Vault XP
 C = Vault XP percentage of total XP
 D = Non-vault monster count
 E = Vault monster count
 F = Vault count percentage of total count
                 A         B        C        D         E       F
            +---------+---------+-------+---------+---------+-------
      Total |     114 |      80 |  41.2 |      41 |      22 |  34.9
            +---------+---------+-------+---------+---------+-------
        D:1 |      47 |       2 |   4.1 |      24 |       2 |   7.7
        D:2 |      58 |      43 |  42.6 |      13 |      19 |  59.4
        D:3 |       9 |      35 |  79.5 |       4 |       1 |  20.0
            +---------+---------+-------+---------+---------+-------
